 Dungeon Crawl Stone Soup version 0.27.0-1-g7a089689b8 (webtiles) character file.

Game seed: 15996778497075594485

45 horus123 the Shooter (level 3, -8/21 HPs)
             Began as a Deep Elf Hunter on Aug 2, 2021.
             Mangled by an iguana (10 damage)
             ... on level 3 of the Dungeon.
             The game lasted 00:05:31 (1653 turns).

horus123 the Shooter (Deep Elf Hunter)              Turns: 1653, Time: 00:05:32

Health: -8/21      AC:  7    Str:  9    XL:     3   Next: 42%
Magic:  5/5        EV:  8    Int: 15    God:
Gold:   108        SH:  0    Dex: 16    Spells: 2/2 levels left

rFire    . . .     SeeInvis .   j - +0 long sword
rCold    . . .     Faith    .   (no shield)
rNeg     . . .     Spirit   .   i - +0 scale mail
rPois    .         Reflect  .   (no helmet)
rElec    .         Harm     .   (no cloak)
rCorr    .         Rampage  .   (no gloves)
Will     .....                  f - +0 pair of boots
Stlth    +.........             (no amulet)
HPRegen  0.07/turn              (no ring)
MPRegen  0.09/turn              (no ring)

@: no status effects
A: no striking features
a: no special abilities


You were on level 3 of the Dungeon.
You visited 1 branch of the dungeon, and saw 3 of its levels.

You collected 108 gold pieces.

Inventory:

Hand Weapons
 a - a +1 shortbow
 j - a +0 long sword (weapon)
Missiles
 d - 44 arrows
Armour
 f - a +0 pair of boots (worn)
 i - a +0 scale mail (worn)
Scrolls
 e - 2 scrolls of identify {unknown}
Potions
 c - 2 potions of invisibility {unknown}
 g - 2 potions of degeneration {unknown}
 h - a potion of brilliance {unknown}


   Skills:
 + Level 1.7 Fighting
 + Level 6.5 Bows
 + Level 0.2 Armour
 + Level 2.4 Dodging
 * Level 2.0 Stealth


You had 2 spell levels left.
You didn't know any spells.
Your spell library contained the following spells:

 Spells                   Type           Power      Damage    Failure   Level
 Slow                     Hex            0%         N/A       98%         2
 Confusing Touch          Hex            0%         N/A       100%        3
 Gell's Gravitas          Tloc           0%         N/A       100%        3
 Teleport Other           Tloc           0%         N/A       100%        3
 Vampiric Draining        Necr           0%         2d6       100%        3
 Dispersal                Tloc           0%         N/A       100%        6


Dungeon Overview and Level Annotations

Branches:
Dungeon (3/15)

Altars:


Message History

(D) Dungeon
Where to? (Enter - D:2, ? - help)
What level of the Dungeon? (default 1, ? - help)
There is a stone staircase leading down here.
You climb downwards.
A frilled lizard comes into view.
The frilled lizard hisses angrily.
There is a stone staircase leading up here.
You shoot an arrow. The arrow hits the frilled lizard.
You kill the frilled lizard!
d - 49 arrows (gained 1)
An iguana comes into view.
The iguana hisses angrily.
You shoot an arrow. The arrow closely misses the iguana.
You shoot an arrow.
The arrow hits the iguana but does no damage.
You shoot an arrow.
The arrow hits the iguana but does no damage.
You shoot an arrow. The arrow completely misses the iguana.
You shoot an arrow. The arrow completely misses the iguana.
The iguana bites you!
Ouch! That really hurt!
j - a +0 long sword (weapon)
The iguana bites you but does no damage.
You hit the iguana but do no damage.
The iguana bites you but does no damage.
You hit the iguana.
The iguana is moderately wounded.
The iguana bites you. The iguana closely misses you.
You hit the iguana.
The iguana is severely wounded.
The iguana closely misses you.
You barely miss the iguana.
The iguana is severely wounded.
The iguana bites you.
* * * LOW HITPOINT WARNING * * *
You barely miss the iguana.
The iguana is severely wounded.
The iguana closely misses you. The iguana bites you!
You die... .# .# .# (# (# (# #################l# ................@.# ###################

You could see an iguana.

Vanquished Creatures
  2 worms (D:2)
  A dart slug (D:1)
  3 bats
  5 giant cockroaches
  3 goblins (D:1)
  4 hobgoblins
  4 jackals (D:1)
  4 kobolds
  A quokka (D:2)
  3 ball pythons
  A frilled lizard (D:3)
  2 rats (D:1)
33 creatures vanquished.

Notes
Turn   | Place    | Note
-------+----------+-------------------------------------------
     0 | D:1      | horus123 the Deep Elf Hunter began the quest for the Orb.
     0 | D:1      | Reached XP level 1. HP: 12/12 MP: 3/3
   100 | D:1      | Reached XP level 2. HP: 16/16 MP: 4/4
   289 | D:1      | Reached skill level 6 in Bows
   772 | D:1      | Reached XP level 3. HP: 21/21 MP: 5/5
  1653 | D:3      | Mangled by an iguana

Illustrated notes

Levels and vault maps discovered:
D:1:      ebering_hopf_link, layout_basic
D:2:      layout_rooms
D:3:      layout_basic, shapermc_ecumenical_altar_notcrosses, uniq_ijyb

Skill      XL: |  1  2  3 |
---------------+----------+-----
Bows           | 6 |  6.5
Stealth        | 2 |  2.0
Fighting       | |  1.7
Armour         | |  0.2
Dodging        | |  2.4

Action                   || total
-------------------------++-------
Melee: Long sword        ||     5
 Fire: Shortbow          ||   117
Armor: Leather armour    ||    10
       Scale mail        ||     7
Dodge: Dodged            ||    26
